Map: [ESL] Dragon Scales

Players

ShoWTimE

  • Race: Protoss Protoss

Reynor - Winner!

  • Race: Zerg Zerg

Event: IEM Katowice 2023

VOD

Have the link to the VOD?

Description

Time

  • Played on: Feb. 10, 2023, 5:42 a.m.
  • Length: 11:08

All games in this series

Show
View Real Time Build Order
Export as new Build Order

ShoWTimE Protoss 

Build Orders: 1 Gate Expand, Oracle Opening 

Get SALT Encoding   

  12  0:00  Probe  
  13  0:12  Probe  
  14  0:19  Pylon  
  14  0:24  Probe  
  15  0:37  Probe (Chrono Boost)  
  15  0:39  Gateway  
  16  0:46  Probe (Chrono Boost)  
  16  0:49  Assimilator  
  17  0:51  Probe (Chrono Boost)  
  18  1:03  Probe  
  19  1:15  Probe  
  20  1:26  Nexus  
  20  1:35  Cybernetics Core  
  20  1:37  Probe  
  21  1:43  Assimilator  
  21  1:49  Probe  
  21  1:52  Pylon  
  22  2:01  Probe  
  23  2:09  Adept (Chrono Boost)  
  23  2:13  Probe  
  26  2:22  Stargate  
  26  2:26  Probe  
  26  2:29  Adept (Chrono Boost)  
  27  2:36  Warp Gate  
  29  2:38  Probe (Chrono Boost)  
  29  2:43  Probe (Chrono Boost)  
  31  2:47  Probe (Chrono Boost)  
  33  2:51  Probe (Chrono Boost), Adept  
  33  2:52  Probe (Chrono Boost)  
  36  3:02  Probe  
  36  3:04  Probe  
  38  3:06  Oracle (Chrono Boost)  
  38  3:11  Pylon  
  41  3:14  Probe  
  41  3:16  Probe  
  43  3:21  Adept  
  43  3:26  Probe  
  46  3:29  Probe  
  46  3:32  Gateway  
  47  3:38  Pylon, Probe  
  47  3:39  Oracle (Chrono Boost)  
  48  3:41  Probe  
  50  3:50  Probe  
  50  3:53  Probe  
  50  4:02  Nexus, Probe  
  51  4:05  Probe  
  51  4:09  Pylon, Oracle (Chrono Boost)  
  52  4:14  Probe  
  56  4:17  Assimilator  
  56  4:19  Assimilator, Probe  
  57  4:24  Stalker  
  57  4:27  Probe  
  57  4:28  Adept  
  62  4:31  Probe  
  63  4:39  Probe  
  63  4:40  Pylon  
  63  4:43  Probe  
  65  4:50  Robotics Facility, Adept  
  65  4:51  Probe, Adept  
  70  4:58  Probe  
  71  5:00  Forge  
  71  5:01  Gateway  
  71  5:03  Probe  
  72  5:10  Pylon, Probe  
  73  5:15  Probe  
  73  5:16  Probe  
  70  5:22  Probe  
  70  5:24  Protoss Ground Weapons Level 1  
  70  5:27  Shield Battery, Probe  
  70  5:28  Pylon, Probe  
  73  5:34  Probe  
  74  5:37  Immortal (Chrono Boost)  
  74  5:39  Probe  
  74  5:40  Probe  
  74  5:42  Sentry x2  
  84  5:46  Probe  
  84  5:49  Assimilator  
  85  5:51  Probe  
  85  5:52  Assimilator, Probe, Robotics Bay  
  87  5:58  Probe, Twilight Council  
  87  6:03  Gateway, Probe  
  89  6:04  Probe  
  89  6:10  Probe  
  88  6:15  Probe  
  88  6:16  Probe  
  90  6:19  Warp Prism (Chrono Boost)  
  90  6:21  Stalker x3  
  97  6:25  Gateway  
  97  6:27  Gateway  
  97  6:29  Oracle (Chrono Boost)  
  97  6:31  Gateway  
  100  6:40  Phoenix (Chrono Boost)  
  100  6:45  Disruptor (Chrono Boost)  
  94  6:48  Charge (Chrono Boost)  
  94  6:53  Dark Shrine  
  95  6:55  Zealot x2  
  95  6:57  Zealot  
  95  6:59  Nexus  
  101  7:02  Pylon  
  101  7:04  Pylon  
  101  7:05  Probe x3  
  104  7:11  Disruptor (Chrono Boost)  
  104  7:13  Photon Cannon  
  107  7:20  Zealot x3  
  107  7:21  Zealot x2  
  117  7:25  Probe  
  117  7:26  Probe x2  
  117  7:29  Photon Cannon  
  118  7:32  Gateway, Protoss Ground Weapons Level 2 (Chrono Boost)  
  118  7:35  Gateway  
  118  7:39  Photon Cannon  
  118  7:42  Shield Battery  
  118  7:43  Disruptor (Chrono Boost)  
  121  7:52  Probe x3  
  121  7:54  Assimilator  
  121  7:57  Assimilator  
  124  8:04  Probe  
  125  8:07  Gateway  
  125  8:09  Pylon  
  125  8:10  Gateway, Probe  
  125  8:12  Dark Templar x2  
  130  8:20  Archon  
  130  8:21  Dark Templar x4  
  130  8:26  Photon Cannon  
  130  8:27  Archon x2  
  138  8:33  Photon Cannon  
  138  8:38  Dark Templar x3  
  144  8:41  Blink  
  144  8:46  Archon  
  144  8:48  Disruptor  
  143  8:56  Dark Templar x2  
  143  9:02  Archon  
  147  9:13  Pylon  
  147  9:14  Pylon  
  147  9:15  Pylon  
  147  9:16  Pylon x2  
  147  9:19  Pylon  
  145  9:30  Dark Templar  
  145  9:31  Zealot x3, Dark Templar x4  
  135  9:36  Zealot x4  
  106  9:50  Dark Templar x4  
  114  9:55  Archon  
  114  9:59  Disruptor (Chrono Boost)  
  114  10:05  Archon  
  117  10:08  Nexus  
  117  10:09  Pylon  
  117  10:10  Pylon  
  117  10:11  Dark Templar x5  
  127  10:15  Archon x2  
  126  10:36  Nexus  
  126  10:38  Dark Templar x3  
  127  10:44  Archon  
  127  10:45  Pylon  
  127  10:50  Nexus  
  127  10:55  Dark Templar x2  
  127  10:56  Zealot x3  
  132  11:01  Archon x2  
  132  11:03  Zealot  
Show
View Real Time Build Order
Export as new Build Order

Reynor Zerg - Winner!

Build Orders: Hatch First 

Get SALT Encoding   

  12  0:00  Drone  
  13  0:12  Overlord  
  13  0:16  Drone  
  14  0:30  Drone x2  
  16  0:44  Drone  
  17  0:52  Hatchery  
  17  0:55  Drone  
  17  0:58  Drone  
  18  1:09  Extractor  
  17  1:14  Spawning Pool  
  17  1:16  Drone  
  17  1:19  Drone  
  18  1:28  Drone  
  19  1:39  Drone  
  20  1:49  Overlord  
  20  2:01  Queen  
  22  2:04  Drone x2, Queen  
  26  2:12  Metabolic Boost, Zergling x2  
  26  2:15  Zergling x2  
  28  2:21  Drone  
  29  2:25  Drone  
  30  2:37  Hatchery  
  30  2:39  Drone  
  30  2:40  Drone  
  30  2:43  Zergling x2  
  32  2:47  Overlord  
  32  2:54  Queen  
  32  2:56  Zergling x2  
  35  3:00  Zergling x2  
  36  3:06  Drone  
  36  3:07  Queen  
  36  3:10  Drone  
  40  3:15  Overlord  
  40  3:17  Drone  
  40  3:19  Drone  
  42  3:22  Drone  
  42  3:24  Drone  
  44  3:34  Drone x2  
  44  3:38  Queen  
  44  3:40  Overlord  
  48  3:45  Drone  
  47  3:50  Drone, Queen  
  47  3:52  Spore Crawler  
  47  3:54  Drone  
  50  3:57  Drone  
  50  4:01  Drone  
  52  4:03  Spore Crawler  
  52  4:04  Drone x3  
  52  4:07  Drone  
  55  4:12  Evolution Chamber  
  55  4:13  Drone, Spore Crawler  
  55  4:15  Drone  
  55  4:17  Drone x2  
  55  4:21  Overlord  
  57  4:25  Zergling x4  
  57  4:28  Drone  
  57  4:30  Overlord  
  60  4:33  Drone  
  60  4:37  Drone  
  62  4:42  Drone x3, Zerg Melee Weapons Level 1  
  62  4:44  Drone  
  66  4:47  Overlord  
  66  4:49  Drone x3  
  66  4:50  Drone  
  70  4:54  Queen  
  70  4:59  Overlord  
  72  5:02  Drone x2  
  74  5:11  Lair  
  73  5:15  Drone x2, Hatchery  
  73  5:19  Zergling x6  
  73  5:20  Drone x2  
  76  5:22  Drone  
  76  5:23  Drone  
  76  5:25  Drone  
  76  5:26  Drone x2  
  76  5:28  Drone  
  82  5:29  Drone  
  82  5:31  Overlord  
  82  5:32  Drone  
  82  5:33  Drone  
  84  5:36  Drone  
  84  5:39  Overlord  
  84  5:41  Drone x3  
  84  5:42  Extractor  
  87  5:43  Roach Warren  
  87  5:45  Drone x2  
  87  5:48  Extractor, Drone x2  
  87  5:49  Extractor  
  88  5:50  Extractor  
  88  5:52  Extractor  
  88  5:54  Drone x3  
  88  5:55  Drone x2  
  88  5:56  Drone  
  92  5:59  Overlord  
  92  6:02  Spore Crawler  
  92  6:03  Drone, Baneling Nest  
  91  6:05  Drone  
  91  6:08  Spore Crawler  
  91  6:09  Drone  
  91  6:10  Drone x3  
  91  6:11  Drone  
  95  6:15  Overlord  
  96  6:22  Drone x2  
  96  6:23  Drone x2, Overseer  
  96  6:25  Glial Reconstitution  
  100  6:27  Roach x3  
  100  6:28  Zergling x4  
  108  6:35  Overlord  
  108  6:38  Zerg Melee Weapons Level 2  
  105  6:41  Drone x4  
  105  6:42  Drone x3  
  110  6:52  Drone x4  
  114  6:55  Centrifugal Hooks, Zergling x10  
  114  6:59  Roach  
  114  7:00  Roach  
  122  7:02  Roach  
  122  7:04  Overlord  
  122  7:05  Ravager  
  122  7:06  Roach x2, Zergling x2  
  130  7:10  Roach x2, Zergling x4  
  130  7:14  Pneumatized Carapace  
  136  7:16  Overlord  
  136  7:21  Overlord  
  135  7:26  Zergling x16  
  135  7:29  Hatchery  
  137  7:32  Zergling x2  
  137  7:33  Zergling x6  
  141  7:40  Zergling x12  
  141  7:43  Zergling x2  
  148  7:46  Zergling x2  
  148  7:47  Zergling x2  
  148  7:48  Zergling x2  
  148  7:50  Infestation Pit, Zergling x6  
  153  7:55  Overlord  
  153  7:58  Zergling x4  
  155  8:01  Overlord  
  155  8:02  Drone x5  
  155  8:05  Overlord, Overseer  
  160  8:15  Zergling x12  
  160  8:19  Zergling x10  
  166  8:20  Ravager x2  
  166  8:21  Baneling x18, Hatchery  
  166  8:24  Baneling x15  
  166  8:25  Zergling x2  
  166  8:26  Zergling x2  
  169  8:30  Drone x3  
  169  8:32  Extractor, Zergling x4  
  173  8:34  Baneling x6  
  173  8:36  Zergling x6  
  173  8:37  Zergling x4  
  173  8:39  Overlord  
  178  8:43  Zergling x2  
  178  8:44  Zergling x4  
  178  8:47  Baneling x8  
  178  8:48  Zergling x6  
  182  8:52  Zergling x8  
  182  8:55  Zergling x2  
  186  8:59  Hive  
  186  9:01  Zergling x14  
  184  9:03  Roach x2, Zergling x2  
  184  9:04  Roach  
  184  9:05  Zergling x2  
  184  9:06  Zergling x2  
  193  9:10  Roach  
  193  9:13  Zerg Missile Weapons Level 1  
  193  9:15  Zergling x4  
  197  9:18  Overlord  
  197  9:20  Zergling x8  
  194  9:27  Zergling x14  
  194  9:29  Roach  
  194  9:31  Zergling x4  
  191  9:37  Zergling x2  
  191  9:38  Zergling x6  
  173  9:42  Roach x2  
  173  9:45  Roach x4  
  165  9:48  Roach x2  
  165  9:49  Queen  
  169  9:54  Baneling x17  
  169  9:56  Roach x2, Zergling x10  
  180  10:00  Roach x2, Zergling x10  
  180  10:01  Baneling x11  
  180  10:03  Zergling x4  
  189  10:07  Zergling x6  
  189  10:11  Baneling x8  
  189  10:12  Zergling x6  
  195  10:14  Zergling x4  
  195  10:16  Zergling x2  
  195  10:18  Zergling x4  
  200  10:25  Baneling x8  
  200  10:26  Baneling x3  
  199  10:28  Spore Crawler  
  199  10:29  Spine Crawler  
  194  10:42  Zergling x16  
  199  10:46  Zergling x2  

Tags
 
Add a new tag
Caveats
  • Supply blocks, unpowered buildings, or Contaminate may cause inaccurate times.
  • Supply counts are checked every 10 seconds.